 Dungeon Crawl Stone Soup version 0.22-a0-283-g1871b15 (webtiles) character file.

52 galech the Ruffian (level 3, 0/37 HPs)
             Began as a Troll Monk on Mar 19, 2018.
             Slain by a sky beast (5 damage)
             ... on level 2 of the Dungeon.
             The game lasted 00:02:16 (938 turns).

galech the Ruffian (Troll Monk)                      Turns: 938, Time: 00:02:18

Health: 0/37       AC:  5    Str: 20    XL:     3   Next: 60%
Magic:  2/2        EV: 11    Int:  6    God:
Gold:   69         SH:  0    Dex: 15    Spells: 2/2 levels left

rFire    . . .     SeeInvis .     - Unarmed
rCold    . . .     Gourm    +   (no shield)
rNeg     . . .     Faith    .   a - +0 robe
rPois    .         Spirit   .   (helmet restricted)
rElec    .         Reflect  .   (no cloak)
rCorr    .         Harm     .   (gloves unavailable)
MR       .....                  (boots unavailable)
Stlth    ++........             (no amulet)
HPRegen  0.52/turn              h - +3 ring of dexterity
MPRegen  0.08/turn              (no ring)

@: no status effects
A: large, unfitting armour, claws 3, fast metabolism 3, gourmand, regeneration
1, shaggy fur 1, tough skin 2
a: no special abilities


You were on level 2 of the Dungeon.
You were completely stuffed.

You visited 1 branch of the dungeon, and saw 2 of its levels.

You collected 69 gold pieces.

Inventory:

Armour
 a - a +0 robe (worn)
Jewellery
 h - a +3 ring of dexterity (left claw)
Scrolls
 d - 2 scrolls of identify {unknown}
 e - a scroll of teleportation {unknown}
Potions
 c - a potion of berserk rage {unknown}
 g - a potion of brilliance {unknown}
Comestibles
 b - 3 rations
 f - a chunk of flesh


   Skills:
 + Level 3.0 Fighting
 + Level 2.8 Dodging
 - Level 1.1 Stealth
 + Level 3.6 Unarmed Combat


You had 2 spell levels left.
You didn't know any spells.

Dungeon Overview and Level Annotations

Branches:
Dungeon (2/15)

Altars:


Innate Abilities, Weirdness & Mutations

You are too large for most types of armour.
You have claws for hands.
Your metabolism is lightning-fast.
You like to eat raw meat.
Your natural rate of healing is unusually fast.
You are covered in fur. (AC +1)
You have very tough skin. (AC +2)


Message History

The sky beast is severely wounded.
The sky beast hits you but does no damage.
You closely miss the sky beast.
The sky beast is severely wounded.
The sky beast hits you but does no damage.
You scratch the sky beast but do no damage.
The sky beast is severely wounded.
The sky beast hits you. The sky beast shocks you.
You scratch the sky beast.
The sky beast is almost dead.
The sky beast hits you. The sky beast shocks you.
* * * LOW HITPOINT WARNING * * *
You scratch the sky beast but do no damage.
The sky beast is almost dead.
The sky beast flickers out of sight!
Deactivating autopickup; reactivate with Ctrl-A.
Something hits you.
* * * LOW HITPOINT WARNING * * *
Something shocks you.
You die...

#......##..# .
#.###......#....#
#......##..#
#..........†.##.#
#####......#
#..........#.##.#
.###.<..
#.##########.##..
#. #.###. #.#
#.#### #. #. .
#.# #.#### #. #
#.# #÷##..
.###.###.# #.##..
......{@.# #.##..
#.....##......#
#.##.. #....
.......# #..'..
.#.. .......#
####.. ..#
..?.....# #.. .
........# #..
.#.......# ###
......#


There were no monsters in sight!

Vanquished Creatures
  A worm (D:2)
  3 dart slugs (D:1)
  A leopard gecko (D:1)
  An orc (D:2)
  2 goblins (D:1)
  7 hobgoblins
  3 jackals (D:1)
  A quokka (D:2)
  8 bats
  5 frilled lizards
  2 kobolds
  5 rats
39 creatures vanquished.

Notes
Turn   | Place    | Note
-------+----------+-------------------------------------------
     0 | D:1      | galech the Troll Monk began the quest for the Orb.
     0 | D:1      | Reached XP level 1. HP: 22/22 MP: 0/0
   140 | D:1      | Reached XP level 2. HP: 29/29 MP: 1/1
   297 | D:1      | Reached XP level 3. HP: 36/36 MP: 2/2
   916 | D:2      | Noticed a sky beast
   938 | D:2      | Slain by a sky beast

Vault maps used:
D:1:      dpeg_arrival_boxorama, minmay_misc_feat_pillars,
          hangedman_glass_teeth, st_stairs_11
D:2:      lemuel_coloured_pillars_altar, minmay_misc_feat_chi

Skill      XL: |  1  2  3 |
---------------+----------+-----
Fighting       | 3 |  3.0
Dodging        | |  2.8
Stealth        | |  1.1
Unarmed Combat | |  3.6

Action                   || total
-------------------------++-------
Melee: Unarmed           ||   106
       Punch             ||     1
 Stab: Sleeping          ||     4
  Eat: Chunk             ||    14
Armor: Robe              ||    44
Dodge: Dodged            ||    45

Table legend:
 A = Spawn XP
 B = Non-spawn XP
 C = Spawn XP percentage of total XP
 D = Spawn monster count
 E = Non-spawn monster count
 F = Spawn count percentage of total count
 G = Total turns spent on level
                    A         B        C        D         E        F      G
               +---------+---------+-------+---------+---------+-------+---------
         Total |       0 |      75 |   0.0 |       0 |      39 |   0.0 |   938
               +---------+---------+-------+---------+---------+-------+---------
           D:1 |       0 |      49 |   0.0 |       0 |      25 |   0.0 |   544
           D:2 |       0 |      26 |   0.0 |       0 |      14 |   0.0 |   394
               +---------+---------+-------+---------+---------+-------+---------
